AoeStats
← JRazzz

African Clearing

504502704Analyzed
4v4 RM · 28d ago on Sep 5, 2026· 28m 30s· 8 players
Game mode
Random Map
Map size
Large (8 player)
Population
200
Speed
Normal
Resources
Standard
Victory
Conquest
Starting age
Dark Age
Ending age
Imperial Age
RankedLock teamsTeams togetherTeam positionsShared explorationLock speedFull tech treeHidden civsTurbo modeCheats
Victory
Defeat
🇭🇺 Magyars · Hungary
1604
+7
🇭🇺 Italians · Hungary
1561
+9
🇭🇺 Turks · Hungary
1424
+13
🇭🇺 Georgians · Hungary
1297
+18
🇩🇪 Saracens · Germany
1400
-13
🇩🇪 Britons · Germany
1398
-13
🇧🇷 Tupi · Brazil
1368
-11
🇬🇧 Maya · United Kingdom
1343
-10
JRazzz
3:05 Loom
15:00 Feudal Age
19:07 Castle Age
19:45 Fletching
21:01 Bodkin Arrow
21:11 Double-Bit Axe
23:00 Ballistics
24:40 Horse Collar
25:48 Padded Archer Armor
Fanume
12:31 Feudal Age
10:50 Loom
13:38 Double-Bit Axe
15:38 Fletching
20:03 Wheelbarrow
20:30 Horse Collar
20:57 Town Watch
21:46 Gold Mining
26:06 Stone Mining
29:50 Castle Age
MiG Shredder
7:35 Loom
13:27 Feudal Age
14:04 Double-Bit Axe
14:03 Man-at-Arms
15:43 Horse Collar
18:23 Fletching
21:01 Scale Mail Armor
25:36 Wheelbarrow
28:50 Castle Age
Karzul
6:17 Loom
12:42 Feudal Age
13:11 Feudal Age
20:45 Castle Age
[S3nS3] Gróf
4:12 Loom
15:11 Feudal Age
Kiliander
8:12 Loom
11:10 Feudal Age
15:13 Double-Bit Axe
16:58 Fletching
25:49 Castle Age
Xan666
10:43 Loom
13:16 Feudal Age
17:32 Castle Age
15:34 Double-Bit Axe
15:37 Horse Collar
16:48 Fletching
19:40 Bodkin Arrow
19:50 Scale Barding Armor
19:48 Padded Archer Armor
28:28 Bloodlines
28:18 Husbandry
MadeinIron
5:31 Loom
11:34 Feudal Age
12:35 Double-Bit Axe
14:31 Horse Collar
16:27 Scale Barding Armor
22:20 Castle Age
25:08 Wheelbarrow
25:31 Bow Saw
25:30 Heavy Plow
Connection lost

Rejoining the realm…

Still unreachable

The connection could not be restored.

Session expired

The server has moved on; the page needs a fresh start.